 Dungeon Crawl Stone Soup version 0.30-a0-626-gd6a5dd7a1f (webtiles) character file.

Game seed: 18202229283501485354

63 testman the Caller (level 4, -3/30 HPs)
             Began as a Human Wanderer on Jan 11, 2023.
             Slain by Jessica
             ... wielding a +0 club
              (5 damage)
             ... on level 2 of the Dungeon.
             The game lasted 00:05:18 (1243 turns).

testman the Caller (Human Wanderer)                 Turns: 1243, Time: 00:05:19

Health: -3/30      AC:  2    Str: 10    XL:     4   Next: 30%
Magic:  5/8        EV: 11    Int: 14    God:
Gold:   40         SH:  0    Dex: 15    Spells: 8/9 levels left

rFire   . . .      SeeInvis .    a - +0 dagger
rCold   . . .      Faith    .    (no shield)
rNeg    . . .      Spirit   .    e - +0 robe
rPois   .          Reflect  .    (no helmet)
rElec   .          Harm     .    (no cloak)
rCorr   .          Rampage  .    (no gloves)
Will    .....                    (no boots)
Stlth   +                        j - amulet of regeneration
HPRegen 1.05/turn                (no ring)
MPRegen 0.11/turn                (no ring)

@: hasted, very quick
A: no striking features
a: no special abilities


You were on level 2 of the Dungeon.
You visited 1 branch of the dungeon, and saw 2 of its levels.

You collected 40 gold pieces.

Inventory:

Hand Weapons
 a - a +0 dagger (weapon)
 i - a +0 spear
Missiles
 b - 17 poisoned darts (quivered)
 f - 6 javelins
Armour
 e - a +0 robe (worn)
Jewellery
 j - an amulet of regeneration (around neck)
Scrolls
 d - a scroll of blinking
 g - 3 scrolls of teleportation {unknown}
 h - a scroll of fear {unknown}
 k - a scroll of amnesia {unknown}
 l - a scroll of identify {unknown}
 m - a scroll of poison {unknown}
 o - a scroll of magic mapping {unknown}
Potions
 c - 2 potions of lignification


   Skills:
 - Level 2.0 Throwing
 - Level 1.0 Armour
 - Level 2.0 Unarmed Combat
 + Level 3.1 Spellcasting
 + Level 4.0 Summonings


You had 8 spell levels left.
You knew the following spells:

 Your Spells              Type           Power      Damage    Failure   Level
a - Summon Small Mammal   Summ           52%        N/A       4%          1

Your spell library contained the following spells:

 Spells                   Type           Power      Damage    Failure   Level
 Animate Armour           Summ/Erth      14%        N/A       67%         4
 Summon Ice Beast         Ice/Summ       7%         N/A       67%         4


Dungeon Overview and Level Annotations

Branches:
Dungeon (2/15)

Altars:

Annotations:
D:2 Jessica, Sigmund


Message History

Your magical contamination has completely faded away.
You hit Jessica but do no damage.
Your bat hits Jessica but does no damage.
Your bat hits Jessica. Jessica hits you with a +0 club.
You barely miss Jessica.
Jessica is lightly wounded.
Your bat hits Jessica but does no damage.
Your bat closely misses the adder.
Your bat barely misses Jessica.
Jessica hits your bat with a +0 club.
You hit Jessica but do no damage.
Jessica is lightly wounded.
Your bat completely misses Jessica.
Your bat closely misses Jessica. x2
Something bites your bat.
Your bat dies!
Your bat's corpse disappears in a puff of smoke!
Jessica hits you with a +0 club.
You hit Jessica.
Jessica is heavily wounded.
Your bat barely misses Jessica.
Jessica hits you with a +0 club!
You are too injured to fight recklessly!
Casting: Summon Small Mammal (safe; 4% risk of failure)
Confirm with . or Enter, or press ? or * to list all spells.
Your bat completely misses Jessica.
Jessica barely misses you.
You hit Jessica but do no damage.
Jessica is heavily wounded.
Your bat hits Jessica but does no damage.
Your bat barely misses Jessica.
Jessica hits you with a +0 club.
* * * LOW HITPOINT WARNING * * *
Your bat hits Jessica. You barely miss Jessica.
Jessica is heavily wounded.
Your bat closely misses Jessica.
Your bat barely misses Jessica.
Jessica hits you with a +0 club!
* * * LOW HITPOINT WARNING * * *
It was a potion of haste.
You feel yourself speed up.
Your bat hits Jessica but does no damage.
Your bat closely misses Jessica.
Your bat hits Jessica but does no damage.
Jessica hits you with a +0 club.
You die...

#.####... ############
#.###.... ...........#
#....#... ########..<#
#####.... ####...####
##.#. #######......(..#
#.#.
#...............#####.#.
..#####......>[..##.....
......b@..........#r#.#.
..##.b@###.......†..#...
#...S #..>...........
#..... ##.............
....... .........###.##
##..... .##..#..... ..#
##.... #..##..### .#
##... #. #..# # #..


You could see an adder, Jessica (ally target) and 2 friendly bats.

Vanquished Creatures
  2 adders (D:2)
  A dart slug (D:2)
  3 endoplasms (D:1)
  2 giant cockroaches (D:1)
  2 goblins (D:1)
  4 hobgoblins
  A quokka (D:1)
  A ball python (D:1)
  2 bats (D:1)
  3 kobolds
21 creatures vanquished.

Vanquished Creatures (collateral kills)
  An adder (D:2)
  3 ball pythons
  An endoplasm (D:1)
  2 hobgoblins
  A quokka (D:1)
  A rat (D:1)
9 creatures vanquished.

Grand Total: 30 creatures vanquished

Notes
Turn   | Place    | Note
-------+----------+-------------------------------------------
     0 | D:1      | testman the Human Wanderer began the quest for the Orb.
     0 | D:1      | testman set off with the following items: a +0 dagger, 13
                  | poisoned darts, a potion of lignification, a scroll of
                  | blinking, a +0 robe; and the following spell memorised:
                  | Summon Small Mammal; and the following spells available to
                  | memorise: Animate Armour, Summon Ice Beast.
     0 | D:1      | Reached XP level 1. HP: 13/13 MP: 3/3
   123 | D:1      | Reached XP level 2. HP: 17/19 MP: 3/5
   371 | D:1      | Found a faded altar of an unknown god.
   615 | D:1      | Reached XP level 3. HP: 21/24 MP: 3/6
  1057 | D:2      | Reached XP level 4. HP: 27/30 MP: 5/8
  1109 | D:2      | Reached skill level 4 in Summonings
  1177 | D:2      | Noticed Sigmund
  1226 | D:2      | Noticed Jessica
  1242 | D:2      | HP: 1/30 [Jessica/+0 club (7)]
  1243 | D:2      | Slain by Jessica

Illustrated notes

Levels and vault maps discovered:
D:1:      nicolae_arrival_memento_mori, layout_basic,
          hellmonk_ecumenical_altar_inner_sanctum, minmay_vboxes
D:2:      layout_loops_ring, uniq_sigmund, uniq_jessica

Skill      XL: |  1  2  3  4 |
---------------+-------------+-----
Spellcasting   | 3 |  3.1
Summonings     | 4 |  4.0
Throwing       | |  2.0
Armour         | |  1.0
Unarmed Combat | |  2.0

Action                   |  1- 3 |  4- 6 || total
-------------------------+-------+-------++-------
Melee: Dagger            |   103 |    14 ||   117
 Cast: Summon Small Mamm |    28 |     7 ||    35
  Use: Potion            |       |     1 ||     1
 Stab: Distracted        |     4 |       ||     4
       Sleeping          |     4 |       ||     4
Armor: Robe              |    30 |       ||    30
Dodge: Dodged            |    75 |     8 ||    83

Table legend: (Time is in decaauts)
 A = Elapsed time spent in this place.
 B = Non-inter-level travel time spent in this place.
 C = Inter-level travel time spent in this place.
 D = Time resting spent in this place.
 E = Time spent auto-exploring this place.
 F = Levels seen in this place.
 G = Mean time per level.
                   A        B        C        D        E       F      G
               +--------+--------+--------+--------+--------+-----+--------+
         Total |   1242 |   1221 |     21 |      0 |    920 |   2 |  621.0 |
       Dungeon |   1242 |   1221 |     21 |      0 |    920 |   2 |  621.0 |
               +--------+--------+--------+--------+--------+-----+--------+

Top non-repeatable levels by time:
     D:1: 914 daAuts
     D:2: 328 daAuts
